Unix NetHack Version 5.0.0-0 post-release - last build May  4 2026 22:22:43 (774f63e81ad911689b3a0859ea89b322d5daca8d,branch:main).

Game began 2026-05-08 14:31:11, ended 2026-05-08 15:16:35.

01245990302, chaotic female orcish Ranger

                                                                 ---
                                                                -.@|
                                                             ---h..|
                                                             ....---
                                                             ....|
                                                             -G.
                                                             |..
                                                             |..
                                                             |..
                                                             |.|
                                                             -)|
                                                             ..------.|
                                                             .).||.<.^|
                                                             --.--....|
                                                              |...-...
                                                              ---....-
                                                                ------

01245990302 the Lookout      St:18 Dx:11 Co:14 In:14 Wi:13 Ch:9  Chaotic
Dlvl:3  $:24 HP:0(23) Pw:14(14) AC:7  Xp:3 T:1701 

Latest messages:
 There is a gecko corpse here; eat it? [ynq] (n) y
 This gecko corpse tastes okay.
 You finish eating the gecko corpse.
 You descend the stairs.
 A cloud of gas puts you to sleep!
 You wake up.
 The gnomish wizard hurls a black potion!
 The carafe crashes on your head and breaks into shards.
 The black potion evaporates.
 It suddenly gets dark.
 Wait!  There's something there you can't see!
 You miss it.
 You hear a mumbled curse.
 You can see again.
 You miss the gnomish wizard.
 The air crackles around the gnomish wizard.
 You hit the gnomish wizard!
 The gnomish wizard points all around, then curses.
 The gnomish wizard points all around, then curses.
 You miss the gnomish wizard.
 The gnomish wizard points all around, then curses.
 You hit the gnomish wizard.
 The gnomish wizard escapes upstairs!
 The gnome shoots 2 crossbow bolts!
 The 1st crossbow bolt misses.
 The 2nd crossbow bolt misses.
 You see here 4 crossbow bolts.
 The gnome shoots 2 crossbow bolts!
 The 1st crossbow bolt misses you.
 You are hit by the 2nd crossbow bolt.
 The dwarf strikes at your displaced image and misses you!
 The dwarf thrusts his dagger.
 The dwarf hits!
 You kill the grid bug!
 The gnome shoots 2 crossbow bolts!
 The 1st crossbow bolt misses you.
 You are hit by the 2nd crossbow bolt.
 The dwarf thrusts his dagger.
 The dwarf hits!
 The gnome shoots 2 crossbow bolts!
 It is missed.
 The dwarf is hit.
 The gnome shoots 2 crossbow bolts!
 You are hit by the 1st crossbow bolt.
 You die...
 Do you want your possessions identified? [ynq] (y) y
 Do you want to see your attributes? [ynq] (y) y
 Do you want an account of creatures vanquished? [ynaq] (y) y
 Do you want to see your conduct and achievements? [ynq] (y) y
 Do you want to see the dungeon overview? [ynq] (y) y

Inventory:
 Coins    ('$')
  $ - 24 gold pieces
 Weapons  (')')
  c - 50 +2 orcish arrows (in quiver)
  d - 39 +0 orcish arrows
  b - a +1 orcish bow (alternate weapon; not wielded)
  a - a +1 orcish dagger (weapon in right hand)
  i - a +0 orcish dagger
 Armor    ('[')
  e - an uncursed +2 cloak of displacement (being worn)
 Comestibles  ('%')
  m - 2 uncursed cram rations
  g - 2 uncursed food rations
  h - an uncursed pancake
  f - 2 uncursed tripe rations
 Potions  ('!')
  j - an uncursed potion of fruit juice
  k - an uncursed potion of sleeping
  n - an uncursed potion of water

01245990302 the Ranger's attributes:

Background:
 You were a Lookout, a level 3 female orcish Ranger.
 You were chaotic, nominally on a mission for Mars
 who was opposed by Mercury (lawful) and Venus (neutral).
 You were right-handed.
 You were in the Gnomish Mines, on level 3.
 You entered the dungeon 1701 turns ago.
 You had 42 experience points, 38 more were needed to attain level 4.

Basics:
 You had 0 out of 23 hit points.
 You had all 14 energy points (spell power).
 Your armor class was 7.
 Your wallet contained 24 zorkmids.
 Autopickup was off.

Final Characteristics:
 Your strength was 18 (limit:18/50).
 Your dexterity was 11 (limit:18).
 Your constitution was 14 (limit:18).
 Your intelligence was 14 (limit:16).
 Your wisdom was 13 (limit:16).
 Your charisma was 9 (limit:16).

Final Status:
 You weren't hungry.
 You were unencumbered.
 You were wielding a dagger.
 You had basic skill with dagger.

Final Attributes:
 You were devoutly aligned.
 You were poison resistant.
 You had automatic searching.
 You had infravision.
 You were displaced.
 You were warded.
 You are dead.

Miscellaneous:
 You didn't encounter any bones levels.
 Total elapsed playing time was 24 minutes and 2 seconds.

Major events:
 Turn
    1: 01245990302 the chaotic female orcish Ranger entered the dungeon
 1626: attained the rank of Lookout (level 3)
 1651: entered the Gnomish Mines
 1701: killed by a crossbow bolt

You didn't know any spells.

Skills:
 Fighting Skills
   bare handed combat [Unskilled]
   riding             [Unskilled]
 Weapon Skills
   dagger             [Basic]
   knife              [Unskilled]
   axe                [Unskilled]
   pick-axe           [Unskilled]
   short sword        [Unskilled]
   morning star       [Unskilled]
   flail              [Unskilled]
   hammer             [Unskilled]
   quarterstaff       [Unskilled]
   polearms           [Unskilled]
   spear              [Unskilled]
   trident            [Unskilled]
   bow                [Basic]
   sling              [Unskilled]
   crossbow           [Unskilled]
   dart               [Unskilled]
   shuriken           [Unskilled]
   boomerang          [Unskilled]
   whip               [Unskilled]
 Spellcasting Skills
   healing spells     [Unskilled]
   divination spells  [Unskilled]
   escape spells      [Unskilled]

Voluntary challenges:
 Character rerolling was not enabled.
 You were an atheist.
 You were illiterate.
 You never genocided any monsters.
 You never polymorphed an object.
 You never changed form.
 You used no wishes.
Achievements:
 You attained the rank of Lookout.
 You entered the Gnomish Mines.

 The Dungeons of Doom: levels 1 to 2
    Level 1:
       A sink.
    Level 2:
       A sink.
       Stairs down to The Gnomish Mines.
 The Gnomish Mines:
    Level 3: <- You were here.
       Final resting place for
          you, killed by a crossbow bolt.


Vanquished creatures:
  2 acid blobs
  2 coyotes
  a green mold
  2 gnomes
  a gecko
  3 jackals
  a kobold
  a goblin
  2 sewer rats
  3 grid bugs
  4 lichens
  a kobold zombie
  3 newts
26 creatures vanquished.

No species were genocided or became extinct.

Game over:
                       ----------
                      /          \
                     /    REST    \
                    /      IN      \
                   /     PEACE      \
                  /                  \
                  |   01245990302    |
                  |      24 Au       |
                  |   killed by a    |
                  |  crossbow bolt   |
                  |                  |
                  |                  |
                  |       2026       |
                 *|     *  *  *      | *
        _________)/\\_//(\/(/\)/\//\/|_)_______

Goodbye 01245990302 the Ranger...

You died in The Gnomish Mines on dungeon level 3 with 290 points,
and 24 pieces of gold, after 1701 moves.
You were level 3 with a maximum of 23 hit points when you died.

